 Dungeon Crawl Stone Soup version 0.31-a0-1467-g53b6572822 (webtiles) character file.

Game seed: 11720131986312816503

12336 MisterFreud the Grappler (level 11, -13/77 HPs)
             Began as a Gnoll Shapeshifter on Dec 28, 2023.
             Was a High Priest of Qazlal.
             Mangled by Fannar
             ... wielding a +0 quarterstaff of freezing
              (31 damage)
             ... on level 11 of the Dungeon.
             The game lasted 00:24:09 (11302 turns).

MisterFreud the Grappler (Gnoll Shapeshifter)      Turns: 11302, Time: 00:24:11

Health: -13/77     AC:  3    Str: 14    XL:     11   Next: 91%
Magic:  21/21      EV: 35    Int: 13    God:    Qazlal [*****.]
Gold:   1140       SH:  6    Dex: 12    Spells: 13/24 levels left

rFire   . .          .
                       - Unarmed
rCold   . . .        (no shield)
rNeg    . . .        a - melded +0 animal skin
rPois   +            (no helmet)
rElec   .            (no cloak)
rCorr   .            (no gloves)
SInv    .            (no boots)
Will    +....        t - amulet of the acrobat
Stlth   ++           v - +5 ring of evasion
HPRegen 0.32/turn    z - ring "Toudugg" {Wiz rPois Will+}
MPRegen 0.17/turn

%: repel missiles, acrobat, wizardry (x1)
@: maw-form, protected from physical damage, acrobatic
A: devouring maw, reduced hp, fangs 1, strong nose, distributed training
a: Begin Untransformation, Renounce Religion, Upheaval, Elemental Force,
Disaster Area


You were on level 11 of the Dungeon.
You worshipped Qazlal.
Qazlal was extremely pleased with you.
You were a creature with a mouth for a stomach.
You visited 1 branch of the dungeon, and saw 11 of its levels.
You also visited: Sewer, Ossuary and Bailey.

You collected 1557 gold pieces.
You spent 417 gold pieces at shops.

Inventory:

Missiles
 s - 11 boomerangs
 x - 4 silver javelins
 G - 22 poisoned darts
 H - a curare-tipped dart
Armour
 a - a +0 animal skin (melded)
 w - the +0 kite shield of Fortification {*Corrode Int+3 Dex+4}
   (You acquired it in an ossuary)

   Int+3:     It affects your intelligence (+3).
   Dex+4:     It affects your dexterity (+4).
   *Corrode:  It may corrode you when you take damage.
 D - +1 acid dragon scales
Magical Staves
 e - a staff of death
Jewellery
 j - a ring of flight
 t - an amulet of the acrobat (around neck)
 v - a +5 ring of evasion (left hand)
 z - the ring "Toudugg" (right hand) {Wiz rPois Will+}
   (You acquired it on level 5 of the Dungeon)

   [ring of wizardry]

   Wiz:       It improves your spell success rate.
   rPois:     It protects you from poison Will+: It increases your willpower.
 C - an amulet of magic regeneration
 M - a ring of protection from fire
Talismans
 c - a beast talisman
 d - a flux talisman
 P - a maw talisman (active)
Wands
 n - a wand of iceblast (13)
 L - a wand of digging (3)
 N - a wand of quicksilver (1)
Scrolls
 f - 3 scrolls of poison
 m - a scroll of enchant weapon
 r - 4 scrolls of teleportation
 y - 2 scrolls of fear
 A - 3 scrolls of noise
 B - 4 scrolls of enchant armour
 O - a scroll of immolation
Potions
 b - a potion of lignification
 h - a potion of invisibility
 i - 6 potions of curing
 k - 2 potions of might
 l - 2 potions of magic
 o - 2 potions of degeneration
 p - 3 potions of resistance
 q - 4 potions of enlightenment
 u - 2 potions of cancellation
 E - a potion of brilliance
 F - a potion of mutation
 J - a potion of haste {unknown}


   Skills:
 + Level 7.5 Fighting
 + Level 7.0 Short Blades
 + Level 7.0 Long Blades
 + Level 7.0 Axes
 + Level 7.0 Maces & Flails
 + Level 7.0 Polearms
 + Level 7.0 Staves
 + Level 7.0 Ranged Weapons
 + Level 7.0 Throwing
 + Level 7.0 Armour
 + Level 8.4 Dodging
 + Level 7.0 Stealth
 + Level 7.0 Shields
 + Level 9.7 Unarmed Combat
 + Level 7.0 Spellcasting
 + Level 5.8 Conjurations
 + Level 5.8 Hexes
 + Level 5.8 Summonings
 + Level 5.8 Necromancy
 + Level 5.8 Translocations
 + Level 5.8 Fire Magic
 + Level 5.8 Ice Magic
 + Level 5.8 Air Magic
 + Level 5.8 Earth Magic
 + Level 5.8 Alchemy
 + Level 7.7 Invocations
 + Level 7.0 Evocations
 + Level 9.2 Shapeshifting


You had 13 spell levels left.
You knew the following spells:

 Your Spells              Type           Power      Damage    Failure   Level
a - Frozen Ramparts       Ice            38%        1d6       1%          3
b - Fugue of the Fallen   Necr           19%        N/A       1%          3
c - Irradiate             Conj/Alch      9%         3d14      16%         5

Your spell library contained the following spells:

 Spells                   Type           Power      Damage    Failure   Level
 Freeze                   Ice            76%        1d8       1%          1
 Sandblast                Erth           38%        2d10      1%          1
 Slow                     Hex            76%        N/A       1%          1
 Lesser Beckoning         Tloc           38%        N/A       1%          2
 Sublimation of Blood     Necr           19%        N/A       1%          2
 Confusing Touch          Hex            19%        N/A       1%          3
 Gell's Gravitas          Tloc           19%        N/A       1%          3
 Hailstorm                Conj/Ice       19%        3d7       1%          3
 Ozocubu's Armour         Ice            19%        N/A       1%          3
 Passwall                 Erth           19%        N/A       1%          3
 Sigil of Binding         Hex            19%        N/A       1%          3
 Stone Arrow              Conj/Erth      38%        3d9       1%          3
 Summon Ice Beast         Ice/Summ       19%        N/A       1%          3
 Teleport Other           Tloc           19%        N/A       1%          3
 Vampiric Draining        Necr           19%        2d7       1%          3
 Brom's Barrelling Bould  Conj/Erth      19%        2d4       6%          4
 Manifold Assault         Tloc           19%        N/A       6%          4
 Petrify                  Alch/Erth      19%        N/A       6%          4
 Vhi's Electric Charge    Tloc/Air       38%        N/A       6%          4
 Arcjolt                  Conj/Air       9%         1d19      16%         5
 Dispersal                Tloc           9%         N/A       61%         6
 Sculpt Simulacrum        Ice/Alch       9%         N/A       61%         6
 Maxwell's Capacitive Co  Air            9%         ∞         100%        8


Dungeon Overview and Level Annotations

Branches:
Dungeon (11/15)            Temple (0/1) D:6            Lair (0/5) D:11
  Sewer (visited)         Ossuary (visited)          Bailey (visited)
    Orc: D:9-12

Altars:
Okawaru
Qazlal
Ru
Sif Muna

Shops:
D:2 ?   D:6 *   D:10 *

Annotations:
D:11 Fannar, Snorg


Innate Abilities, Weirdness & Mutations

You are a creature with a mouth for a stomach.
Your midsection houses a second, enormous mouth.
Your maximum health is decreased, since you lack skill for your form.
You have very sharp teeth.
Your uncanny sense of smell can sniff out nearby items.
Your experience applies equally to all skills.


Message History

Fannar is moderately wounded.
Fannar hits you with a +0 quarterstaff of freezing!
* * * LOW HITPOINT WARNING * * *
Your resistance to cold fades away.
You feel protected from physical attacks.
Fannar freezes you!
* * * LOW HITPOINT WARNING * * *
The ice beast misses you.
You feel better.
Fannar hits you with a +0 quarterstaff of freezing!
* * * LOW HITPOINT WARNING * * *
You feel more protected from physical attacks.
Fannar freezes you.
* * * LOW HITPOINT WARNING * * *
The ice beast closely misses you.
You feel better.
Fannar hits you with a +0 quarterstaff of freezing.
* * * LOW HITPOINT WARNING * * *
You feel more protected from physical attacks.
Fannar freezes you.
* * * LOW HITPOINT WARNING * * *
The ice beast completely misses you.
Unknown command.
Unknown command.
Blink to where?
Press: ? - help, Dir - move target
As you read the scroll of blinking, it crumbles to dust.
Okay, then.
Unknown command.
Unknown command.
Unknown command.
Unknown command.
You feel better.
Okay, then.
As you read the scroll of revelation, it crumbles to dust.
You feel aware of your surroundings.
You sensed 1 shop/portal.
Found Maxwell's Memoranda.
Fannar mumbles some strange words.
Fannar drains the heat from the surrounding environment!
You die...

*********** *****##***
*,,,,,,,,,, *,,,,....#####
*,********, *,***.:......# *,*
**, *,* *,**,**#W# *,* ****,, *,*
#.*#.* #.# **,****,,,,,
*****,**#.##.###.#####.,,,,,,**,,
,,,,,,,,.#.#.###.#####..*****,,,,
,,,,,,,,........°.......,,,,,<**,
*****,,,##.....#Y..###..****,,**,
* *,,,...........###.,,,,,,,,,,
*,*,##......e.####.*****,,*,,
*****,,,........#.####.*****,,*,*


You could see Fannar and an ice beast (summoned).

Vanquished Creatures
  Harold (D:11)
  A vault guard (Bailey)
  2 two-headed ogres
  A manticore (D:6)
  Joseph (D:9)
  Maggie (D:6)
  A troll (D:9)
  Prince Ribbit (Bailey)
  10 yaks
  3 wraiths
  Eustachio (D:6)
  8 humans (Bailey)
  2 vampire mosquitoes (D:10)
  Menkaure (D:6)
  3 water moccasins
  2 orc warriors
  An ice beast (D:5)
  2 black bears
  2 ogres
  2 crocodiles (Sewer)
  2 centaurs
  4 phantoms
  Blork the orc (D:5)
  2 kobold brigands
  14 bullfrogs
  3 elf zombies (Ossuary)
  3 scorpions
  A water moccasin zombie (D:6)
  7 wights
  3 howler monkeys (D:10)
  3 centaur zombies
  2 bombardier beetles (D:5)
  2 bullfrog zombies (D:6)
  3 hounds
  3 bullfrog skeletons (D:6)
  2 human zombies (Ossuary)
  A jelly (D:6)
  3 orc priests
  4 iguanas
  Ijyb (D:3)
  3 sleepcaps
  8 orc wizards
  A sickly merfolk siren (Sewer)
  A malarious merfolk avatar (Sewer)
  3 hound zombies (Ossuary)
  2 mummies (Ossuary)
  A howler monkey skeleton (D:6)
  A river rat (D:4)
  12 adders
  3 gnolls
  A white imp (D:7)
  4 ufetubi
  6 adder zombies (Ossuary)
  2 worms
  A dart slug (D:2)
  26 orcs
  12 ball pythons
  5 bats
  9 endoplasms
  10 giant cockroaches
  20 goblins
  4 hobgoblins
  3 jackals (D:3)
  21 kobolds
  5 quokkas
  7 frilled lizards
  4 gnoll zombies (Ossuary)
  7 jackal zombies (Ossuary)
  4 kobold zombies (Ossuary)
  6 orc zombies (Ossuary)
  12 rats
314 creatures vanquished.

Vanquished Creatures (others)
  A yak (D:11)
1 creature vanquished.

Grand Total: 315 creatures vanquished

Notes
Turn   | Place    | Note
-------+----------+-------------------------------------------
     0 | D:1      | MisterFreud the Gnoll Shapeshifter began the quest for the
                  | Orb.
     0 | D:1      | Reached XP level 1. HP: 17/17 MP: 1/1
   190 | D:1      | Reached XP level 2. HP: 18/23 MP: 2/2
   810 | D:1      | Found a faded altar of an unknown god.
   988 | D:1      | Prayed at the altar of an unknown god.
   988 | D:1      | Became a worshipper of Qazlal Stormbringer
   988 | D:1      | Reached * piety under Qazlal
  1040 | D:2      | Reached XP level 3. HP: 28/28 MP: 3/3
  1262 | D:2      | Reached skill level 1 in Invocations
  1366 | D:2      | Reached skill level 1 in Short Blades
  1366 | D:2      | Reached skill level 1 in Long Blades
  1366 | D:2      | Reached skill level 1 in Axes
  1366 | D:2      | Reached skill level 1 in Maces & Flails
  1366 | D:2      | Reached skill level 1 in Polearms
  1366 | D:2      | Reached skill level 1 in Staves
  1366 | D:2      | Reached skill level 1 in Ranged Weapons
  1366 | D:2      | Reached skill level 1 in Throwing
  1366 | D:2      | Reached skill level 1 in Armour
  1366 | D:2      | Reached skill level 1 in Stealth
  1366 | D:2      | Reached skill level 1 in Shields
  1366 | D:2      | Reached skill level 1 in Spellcasting
  1366 | D:2      | Reached skill level 1 in Evocations
  1446 | D:2      | Found The Oracle's Delphic Readings.
  1823 | D:3      | Reached XP level 4. HP: 19/34 MP: 5/5
  1862 | D:3      | Reached ** piety under Qazlal
  1958 | D:3      | Noticed an ogre
  1966 | D:3      | Killed an ogre
  1967 | D:3      | Reached skill level 1 in Conjurations
  1967 | D:3      | Reached skill level 1 in Hexes
  1967 | D:3      | Reached skill level 1 in Summonings
  1967 | D:3      | Reached skill level 1 in Necromancy
  1967 | D:3      | Reached skill level 1 in Translocations
  1967 | D:3      | Reached skill level 1 in Fire Magic
  1967 | D:3      | Reached skill level 1 in Ice Magic
  1967 | D:3      | Reached skill level 1 in Air Magic
  1967 | D:3      | Reached skill level 1 in Earth Magic
  1967 | D:3      | Reached skill level 1 in Alchemy
  1967 | D:3      | Reached XP level 5. HP: 33/41 MP: 5/7
  2556 | D:3      | Noticed Ijyb
  2571 | D:3      | Killed Ijyb
  2908 | D:4      | Reached XP level 6. HP: 45/47 MP: 8/8
  3001 | D:4      | Found a glowing drain.
  3005 | Sewer    | Entered a sewer
  3116 | Sewer    | Reached skill level 5 in Dodging
  3240 | Sewer    | Reached *** piety under Qazlal
  3426 | Sewer    | Reached XP level 7. HP: 45/52 MP: 10/10
  4166 | D:5      | Entered Level 5 of the Dungeon
  4197 | D:5      | Noticed Blork the orc
  4200 | D:5      | Reached XP level 8. HP: 60/60 MP: 12/12
  4206 | D:5      | Killed Blork the orc
  4610 | D:5      | Found a sand-covered staircase.
  4619 | Ossuary  | Entered an ossuary
  4667 | Ossuary  | Reached **** piety under Qazlal
  5042 | Ossuary  | Identified 2 scrolls of acquirement
  5042 | Ossuary  | Acquired the +0 kite shield of Fortification {*Corrode
                  | Int+3 Dex+4}
  5130 | D:5      | Found an iron altar of Okawaru.
  5133 | D:5      | Found a sacrificial altar of Ru.
  5134 | D:5      | Found a shimmering blue altar of Sif Muna.
  5366 | D:5      | Reached XP level 9. HP: 58/66 MP: 14/14
  5683 | D:5      | Acquired the ring "Toudugg" {Wiz rPois Will+}
  5690 | D:5      | Learned a level 3 spell: Frozen Ramparts
  5694 | D:5      | Learned a level 3 spell: Fugue of the Fallen
  5707 | D:6      | Noticed Menkaure
  5707 | D:6      | Found a staircase to the Ecumenical Temple.
  5922 | D:6      | Reached skill level 5 in Fighting
  5932 | D:6      | Killed Menkaure
  6382 | D:6      | Reached skill level 5 in Invocations
  6450 | D:6      | Noticed a manticore
  6458 | D:6      | Killed a manticore
  6844 | D:6      | Noticed Eustachio
  6858 | D:6      | Killed Eustachio
  6859 | D:6      | Reached skill level 5 in Short Blades
  6859 | D:6      | Reached skill level 5 in Long Blades
  6859 | D:6      | Reached skill level 5 in Axes
  6859 | D:6      | Reached skill level 5 in Maces & Flails
  6859 | D:6      | Reached skill level 5 in Polearms
  6859 | D:6      | Reached skill level 5 in Staves
  6859 | D:6      | Reached skill level 5 in Ranged Weapons
  6859 | D:6      | Reached skill level 5 in Throwing
  6859 | D:6      | Reached skill level 5 in Armour
  6859 | D:6      | Reached skill level 5 in Stealth
  6859 | D:6      | Reached skill level 5 in Shields
  6859 | D:6      | Reached skill level 5 in Spellcasting
  6859 | D:6      | Reached skill level 5 in Evocations
  6859 | D:6      | Reached XP level 10. HP: 76/76 MP: 11/17
  7010 | D:6      | Found Ehyab's Assorted Antiques.
  7016 | D:6      | Bought a sedimented black potion for 27 gold pieces
  7016 | D:6      | Bought a scroll labelled ROBO RAFOUKK for 30 gold pieces
  7017 | D:6      | Noticed Maggie
  7032 | D:6      | Killed Maggie
  7542 | D:7      | Reached ***** piety under Qazlal
  7908 | D:8      | Acquired 799 gold pieces
  8147 | D:8      | Found a flagged portal.
  8154 | Bailey   | Entered a bailey
  8281 | Bailey   | Noticed Prince Ribbit
  8286 | Bailey   | Killed Prince Ribbit
  8287 | Bailey   | Reached skill level 5 in Conjurations
  8287 | Bailey   | Reached skill level 5 in Hexes
  8287 | Bailey   | Reached skill level 5 in Summonings
  8287 | Bailey   | Reached skill level 5 in Necromancy
  8287 | Bailey   | Reached skill level 5 in Translocations
  8287 | Bailey   | Reached skill level 5 in Fire Magic
  8287 | Bailey   | Reached skill level 5 in Ice Magic
  8287 | Bailey   | Reached skill level 5 in Air Magic
  8287 | Bailey   | Reached skill level 5 in Earth Magic
  8287 | Bailey   | Reached skill level 5 in Alchemy
  8287 | Bailey   | Reached XP level 11. HP: 23/83 MP: 12/20
  8509 | Bailey   | Noticed a vault guard
  8546 | Bailey   | Killed a vault guard
  8689 | Bailey   | Identified the +5 halberd of Efes {speed, MP+9 Int+3 Dex-5}
  8695 | Bailey   | Noticed a vault guard
  9299 | D:9      | Noticed Joseph
  9315 | D:9      | Killed Joseph
  9500 | D:9      | Noticed a two-headed ogre
  9507 | D:9      | Killed a two-headed ogre
 10219 | D:10     | Entered Level 10 of the Dungeon
 10235 | D:10     | Noticed a two-headed ogre
 10243 | D:10     | Killed a two-headed ogre
 10360 | D:10     | Learned a level 5 spell: Irradiate
 10812 | D:10     | Found Iwiuretz's Changing Room.
 10823 | D:10     | Bought a maw talisman for 360 gold pieces
 11128 | D:11     | Noticed Snorg
 11145 | D:11     | Noticed a boulder beetle
 11151 | D:11     | Noticed Harold
 11158 | D:11     | Killed Harold
 11159 | D:11     | Noticed a two-headed ogre
 11273 | D:11     | Noticed Fannar
 11283 | D:11     | HP: 3/77 [Fannar/+0 quarterstaff of freezing (10)]
 11283 | D:11     | HP: 1/77 [Fannar/+0 quarterstaff of freezing (2)]
 11302 | D:11     | Mangled by Fannar

Illustrated notes

Levels and vault maps discovered:
D:1:      scummos_arrival_simple_fountains, layout_loops_corners,
          shapermc_ecumenical_altar_flowoftime, hangedman_decor_push
D:2:      layout_basic, minmay_misc_feat_tower, nicolae_nh_oracle_at_delphi
D:3:      kennysheep_goblin_castle, layout_loops_cross
D:4:      layout_cave_pools, gup_sewer_entry_spiral
D:5:      layout_loops_ring, chequers_temple_overflow_statue_of_worship,
          lightli_ossuary_entry_decrepit_ruins, uniq_blork_the_orc
D:6:      layout_loops_corners, minmay_temple_entry_trees, serial_undead,
          serial_undead_b, serial_undead_e, serial_undead_a, serial_undead_e,
          serial_undead_e, serial_undead_e, serial_undead_a, serial_shops, shop,
          uniq_menkaure, uniq_maggie, uniq_eustachio
D:7:      layout_rooms
D:8:      layout_rooms, lightli_bailey_entry_fortress
D:9:      layout_stronghold, nrook_pool_corridor, hangedman_decor_peaks_small,
          hangedman_abyss_or_decor_lesser_grid, uniq_joseph
D:10:     layout_stronghold, nicolae_transmutations_shop
D:11:     layout_loops_ring, grunt_lair_entry_orc_guard_hut, serial_shops,
          nicolae_shop_statue_plus, uniq_fannar, uniq_snorg, uniq_harold

Skill      XL: |  1  2  3  4  5  6  7  8  9 10 11 |
---------------+----------------------------------+-----
Invocations    | 1 2 3 4 5 6 7 |  7.7
Short Blades   | 1 2 3 5 6 7 |  7.0
Long Blades    | 1 2 3 5 6 7 |  7.0
Axes           | 1 2 3 5 6 7 |  7.0
Maces & Flails | 1 2 3 5 6 7 |  7.0
Polearms       | 1 2 3 5 6 7 |  7.0
Staves         | 1 2 3 5 6 7 |  7.0
Ranged Weapons | 1 2 3 5 6 7 |  7.0
Throwing       | 1 2 3 5 6 7 |  7.0
Armour         | 1 2 3 5 6 7 |  7.0
Stealth        | 1 2 3 5 6 7 |  7.0
Shields        | 1 2 3 5 6 7 |  7.0
Spellcasting   | 1 2 3 5 6 7 |  7.0
Evocations     | 1 2 3 5 6 7 |  7.0
Fighting       | 3 4 5 6 7 |  7.5
Conjurations   | 1 2 3 4 5 |  5.8
Hexes          | 1 2 3 4 5 |  5.8
Summonings     | 1 2 3 4 5 |  5.8
Necromancy     | 1 2 3 4 5 |  5.8
Translocations | 1 2 3 4 5 |  5.8
Fire Magic     | 1 2 3 4 5 |  5.8
Ice Magic      | 1 2 3 4 5 |  5.8
Air Magic      | 1 2 3 4 5 |  5.8
Earth Magic    | 1 2 3 4 5 |  5.8
Alchemy        | 1 2 3 4 5 |  5.8
Dodging        | 5 6 7 8 |  8.4
Unarmed Combat | 7 8 9 |  9.7
Shapeshifting  | 7 8 9 |  9.2

Action                     |  1- 3 |  4- 6 |  7- 9 | 10-12 || total
---------------------------+-------+-------+-------+-------++-------
  Melee: Unarmed           |    74 |   182 |   374 |   352 ||   982
         Bite              |     4 |    21 |    53 |    48 ||   126
         Punch             |     1 |       |       |     2 ||     3
         Maw               |       |       |       |    18 ||    18
   Cast: Frozen Ramparts   |       |       |     7 |    21 ||    28
         Fugue of the Fall |       |       |     3 |    12 ||    15
 Invoke: Disaster Area     |       |       |       |     1 ||     1
Ability: Begin Untransform |     1 |       |       |       ||     1
  Evoke: Wand              |       |       |       |     4 ||     4
    Use: Scroll            |     7 |     1 |     5 |    17 ||    30
         Potion            |       |       |       |     6 ||     6
   Stab: Sleeping          |     3 |       |       |       ||     3
 Armour: Animal skin       |    17 |       |       |       ||    17
         Skin              |     2 |    55 |    79 |   104 ||   240
  Dodge: Dodged            |    36 |   107 |   319 |   265 ||   727
  Block: Other             |       |    20 |    67 |    87 ||   174
   Form: Flux              |     1 |       |       |       ||     1
         Maw               |       |       |       |     1 ||     1

Table legend: (Time is in decaauts)
 A = Elapsed time spent in this place.
 B = Non-inter-level travel time spent in this place.
 C = Inter-level travel time spent in this place.
 D = Time resting spent in this place.
 E = Time spent auto-exploring this place.
 F = Levels seen in this place.
 G = Mean time per level.
                   A        B        C        D        E       F      G
               +--------+--------+--------+--------+--------+-----+--------+
         Total |  11265 |  11080 |    185 |   1505 |   7518 |  14 |  804.6 |
       Dungeon |   9500 |   9315 |    185 |    949 |   6831 |  11 |  863.6 |
         Sewer |    768 |    768 |      0 |    165 |    415 |   1 |  768.0 |
       Ossuary |    421 |    421 |      0 |    109 |    146 |   1 |  421.0 |
        Bailey |    576 |    576 |      0 |    282 |    125 |   1 |  576.0 |
               +--------+--------+--------+--------+--------+-----+--------+

Top non-repeatable levels by time:
     D:6: 1320 daAuts
     D:5: 1245 daAuts
     D:3: 1112 daAuts
     D:1: 1010 daAuts
     D:9: 972 daAuts
    D:10: 898 daAuts
   Sewer: 768 daAuts
     D:8: 760 daAuts
     D:7: 687 daAuts
     D:4: 681 daAuts
     D:2: 637 daAuts
  Bailey: 576 daAuts
 Ossuary: 421 daAuts
    D:11: 172 daAuts
